Map: Acropolis LE

Players

DisK

  • Race: Protoss Protoss
  • Spawn Location: 11:00

Bioice - Winner!

  • Race: Zerg Zerg
  • Spawn Location: 5:00

VOD

Have the link to the VOD?

Description

Time

  • Played on: Sept. 6, 2019, 12:40 p.m.
  • Length: 11:12
Show
View Real Time Build Order
Export as new Build Order

DisK Protoss 

Build Orders: 1 Gate Expand, Oracle Opening, Phoenix Opening, Archon Immortal, Archon Drop 

Get SALT Encoding   

  12  0:00  Probe  
  13  0:12  Probe  
  14  0:20  Pylon  
  14  0:24  Probe  
  15  0:35  Probe  
  15  0:41  Gateway  
  16  0:43  Probe  
  16  0:49  Assimilator  
  17  0:52  Probe  
  18  1:04  Probe  
  19  1:16  Probe  
  20  1:23  Nexus  
  20  1:29  Probe  
  21  1:37  Cybernetics Core  
  21  1:41  Probe  
  22  1:49  Assimilator  
  22  1:52  Pylon  
  22  1:56  Probe  
  23  2:03  Adept  
  23  2:10  Probe  
  26  2:20  Stargate  
  26  2:23  Probe  
  26  2:29  Warp Gate  
  27  2:32  Probe  
  27  2:33  Probe  
  27  2:36  Adept  
  31  2:40  Probe  
  31  2:41  Probe  
  31  2:50  Probe  
  33  2:52  Probe  
  35  3:02  Probe  
  35  3:03  Phoenix  
  35  3:04  Gateway  
  36  3:06  Probe  
  39  3:14  Probe  
  39  3:18  Probe  
  41  3:21  Pylon  
  41  3:26  Probe  
  42  3:27  Assimilator  
  42  3:28  Assimilator  
  42  3:31  Oracle  
  42  3:33  Probe  
  46  3:41  Probe, Robotics Facility  
  46  3:44  Probe  
  48  3:49  Pylon, Probe  
  49  3:56  Probe  
  49  3:59  Twilight Council  
  49  4:00  Probe  
  51  4:10  Probe  
  51  4:13  Gateway  
  51  4:15  Gateway  
  53  4:17  Warp Prism, Probe  
  53  4:23  Zealot  
  57  4:31  Probe  
  57  4:32  Probe  
  59  4:43  Templar Archives  
  59  4:49  Nexus  
  59  4:52  Pylon  
  59  5:05  Zealot  
  61  5:15  Adept  
  61  5:22  Pylon, Zealot  
  61  5:25  Zealot  
  65  5:31  Adept  
  65  5:34  Probe x2  
  65  5:35  Charge  
  59  5:38  Zealot  
  59  5:42  Gateway  
  61  5:44  Gateway  
  61  5:48  Forge  
  61  5:50  Probe x2  
  61  5:52  Observer  
  64  5:59  Probe x3  
  64  6:00  High Templar x4  
  75  6:04  Archon  
  75  6:05  Archon  
  75  6:07  Probe x3  
  78  6:12  Pylon  
  78  6:13  Pylon  
  78  6:17  Probe  
  75  6:22  Immortal  
  75  6:32  Zealot  
  74  6:33  Zealot x2  
  74  6:37  Probe  
  74  6:43  Zealot, High Templar x2  
  74  6:44  Probe x2, Protoss Ground Weapons Level 1  
  82  6:49  Probe  
  82  6:50  Archon  
  83  6:56  Probe x2  
  85  7:02  Zealot  
  85  7:03  Zealot x3  
  85  7:04  Immortal  
  89  7:10  Probe  
  94  7:21  High Templar x2  
  98  7:24  Probe x3  
  98  7:26  Gateway, Archon, Assimilator  
  98  7:27  Gateway, Assimilator  
  101  7:36  Zealot x2, High Templar x2  
  109  7:39  Pylon  
  109  7:40  Pylon, Archon  
  109  7:53  Probe x2  
  95  7:59  Zealot x4  
  95  8:09  Observer, Probe x3  
  95  8:10  Zealot x2  
  87  8:21  Zealot x6  
  89  8:28  Immortal  
  89  8:33  Probe x2  
  89  8:34  Probe  
  84  8:41  Zealot  
  84  8:42  Zealot x7  
  84  8:44  Psionic Storm  
  84  8:48  Probe x3  
  98  9:02  Immortal  
  98  9:07  High Templar x2  
  98  9:08  High Templar  
  98  9:09  High Templar  
  110  9:12  Archon  
  110  9:13  Archon  
  110  9:14  Probe x3  
  113  9:18  Pylon  
  113  9:21  High Templar x2  
  117  9:26  Probe  
  117  9:28  Photon Cannon  
  117  9:29  Photon Cannon  
  118  9:33  Photon Cannon, Phoenix  
  102  9:47  High Templar x2  
  102  9:50  Photon Cannon  
  102  9:52  Pylon  
  106  9:53  Shield Battery  
  106  9:54  Shield Battery  
  106  9:57  Pylon  
  106  9:59  Stalker x2  
  102  10:09  Zealot x2  
  102  10:10  Zealot  
  101  10:14  Archon  
  101  10:16  Zealot  
  101  10:17  Archon  
  94  10:22  Stalker  
  94  10:23  Stalker  
  94  10:25  High Templar x2  
  87  10:29  Archon  
  76  10:44  Stalker x2  
  72  11:09  Zealot x6  
Show
View Real Time Build Order
Export as new Build Order

Bioice Zerg - Winner!

Build Orders: Hatch First, Muta Ling Bane 

Get SALT Encoding   

  12  0:01  Drone  
  13  0:12  Overlord  
  13  0:17  Drone  
  14  0:34  Drone x2  
  16  0:49  Hatchery  
  15  0:52  Drone  
  15  0:55  Drone  
  17  0:59  Drone  
  18  1:07  Extractor  
  17  1:15  Spawning Pool  
  16  1:18  Drone  
  16  1:22  Drone  
  18  1:29  Drone  
  19  1:40  Drone  
  20  1:49  Drone  
  21  2:02  Queen x2  
  21  2:03  Drone x2  
  27  2:19  Hatchery  
  27  2:22  Overlord  
  26  2:27  Metabolic Boost  
  26  2:30  Drone  
  26  2:31  Drone  
  28  2:41  Zergling x6  
  31  2:45  Queen  
  31  2:50  Overlord  
  33  2:52  Drone  
  33  2:57  Drone x2  
  36  3:07  Overlord  
  36  3:15  Drone x6  
  36  3:19  Overlord  
  42  3:22  Drone  
  42  3:26  Queen  
  45  3:31  Overlord  
  45  3:33  Drone  
  47  3:34  Drone  
  47  3:35  Drone  
  47  3:39  Evolution Chamber  
  47  3:42  Overlord  
  47  3:44  Drone  
  47  3:46  Drone  
  49  3:51  Zergling x6  
  52  3:56  Spore Crawler x2  
  52  3:58  Drone  
  52  3:59  Drone  
  52  4:03  Drone x2  
  52  4:05  Drone  
  52  4:07  Drone  
  52  4:08  Drone  
  58  4:10  Drone  
  58  4:15  Drone x2  
  58  4:16  Drone x2  
  62  4:22  Drone x4  
  66  4:26  Zerg Melee Weapons Level 1  
  66  4:28  Overlord  
  66  4:35  Spore Crawler  
  63  4:41  Zergling x16  
  71  4:50  Queen x2  
  71  4:51  Baneling Nest, Drone  
  71  4:52  Drone x2  
  77  4:56  Overlord  
  77  5:02  Drone x2  
  77  5:03  Drone x3  
  82  5:12  Overlord x2  
  81  5:19  Drone  
  81  5:20  Overlord  
  81  5:21  Drone x4  
  84  5:23  Hatchery  
  82  5:31  Zergling x8  
  82  5:34  Queen  
  82  5:35  Zergling x4  
  87  5:39  Extractor x2  
  87  5:41  Zergling x2  
  83  5:47  Extractor  
  83  5:48  Zergling x4  
  84  5:53  Queen  
  84  5:55  Lair  
  84  5:56  Overlord  
  86  6:05  Zergling x10  
  86  6:11  Zergling x4  
  93  6:16  Zergling x6  
  92  6:19  Zergling x4  
  92  6:20  Zergling x2  
  92  6:23  Zergling x6  
  95  6:28  Zergling x4  
  94  6:38  Zergling x16  
  94  6:39  Zergling x2  
  101  6:49  Extractor x2  
  101  6:50  Overlord x2  
  101  6:52  Drone  
  100  6:55  Drone x4  
  100  6:57  Overlord  
  104  7:03  Drone x3  
  104  7:07  Drone x5  
  104  7:08  Drone x2  
  109  7:10  Spore Crawler  
  109  7:12  Zerg Melee Weapons Level 2  
  109  7:14  Spire  
  108  7:22  Drone  
  108  7:23  Drone x8  
  108  7:26  Extractor  
  115  7:34  Extractor  
  115  7:35  Zergling x10  
  115  7:36  Zergling x8, Centrifical Hooks  
  123  7:43  Baneling x3  
  123  7:44  Baneling x5  
  123  7:45  Baneling, Zergling x14  
  130  7:54  Zergling x2  
  130  7:55  Zergling x10  
  118  8:01  Zergling x2  
  118  8:02  Zergling x8  
  112  8:08  Zergling x10  
  115  8:14  Overseer  
  115  8:15  Zergling x6  
  115  8:16  Zergling x8  
  117  8:22  Zergling x2  
  117  8:23  Zergling x6  
  117  8:28  Baneling x8  
  117  8:29  Baneling x3, Zergling x4  
  117  8:31  Zergling x2  
  118  8:38  Zergling x14  
  116  8:43  Zergling x4  
  116  8:44  Zergling x4  
  116  8:46  Zergling x2  
  118  8:50  Baneling  
  118  8:51  Baneling x8, Zergling x6  
  121  9:00  Mutalisk x6  
  133  9:09  Mutalisk x5  
  134  9:12  Baneling x3  
  134  9:13  Baneling  
  142  9:18  Hatchery  
  142  9:19  Zergling x8  
  145  9:29  Overlord x2  
  130  9:43  Overlord x2  
  130  9:47  Overseer  
  130  9:49  Zergling x10  
  130  9:50  Zergling x10  
  140  9:56  Zergling x8  
  140  9:57  Zergling x6  
  146  10:05  Zergling x2  
  140  10:08  Zergling x2  
  140  10:09  Zergling x16  
  140  10:12  Zergling x2  
  143  10:20  Mutalisk x3  
  142  10:26  Mutalisk x8  
  154  10:31  Mutalisk  
  154  10:34  Mutalisk x3  
  154  10:35  Mutalisk x2  
  166  10:38  Zergling x2  
  162  10:45  Zergling x10  
  162  10:48  Zergling x2  
  163  10:51  Zergling x2  
Tags
 
Add a new tag
Caveats
  • Supply blocks, unpowered buildings, or Contaminate may cause inaccurate times.
  • Supply counts are checked every 10 seconds.